 Dungeon Crawl Stone Soup version 0.29.1-1-gd02db6906a (webtiles) character file.

Game seed: 13547712787967382986

1353 mopl the Poker (level 8, -2/99 HPs)
             Began as a Palentonga Berserker on Oct 21, 2022.
             Was an Elder of Trog.
             Slain by a scorpion (5 damage)
             ... on level 5 of the Dungeon.
             The game lasted 00:06:02 (3872 turns).

mopl the Poker (Palentonga Berserker)               Turns: 3872, Time: 00:06:03

Health: -2/99      AC:  7    Str: 25    XL:     8   Next: 37%
Magic:  8/8        EV:  9    Int:  7    God:    Trog [****..]
Gold:   45         SH:  0    Dex: 16    Spells: 7/7 levels left

rFire   . . .      SeeInvis +   a - +0 spear
rCold   . . .      Faith    +   (no shield)
rNeg    . . .      Spirit   .   x - +0 scale mail
rPois   .          Reflect  .   e - +0 helmet
rElec   .          Harm     .   (no cloak)
rCorr   .          Rampage  .   (no gloves)
Will    .....                   (no barding)
Stlth   ..........              n - amulet "Befriut" {Faith Contam Dex+6}
HPRegen 0.26/turn               (no ring)
MPRegen 0.11/turn               (no ring)

@: berserking, lethally poisoned (-2 -> -20), corroded, curled up, very quick
A: large, rugged brown scales 3, see invisible, deformed body, roll 1, armoured
tail, reflexive curl
a: Rolling Charge, Renounce Religion, Berserk, Trog's Hand, Brothers in Arms


You were on level 5 of the Dungeon.
You worshipped Trog.
Trog was greatly pleased with you.
You visited 1 branch of the dungeon, and saw 5 of its levels.
You also visited: Ossuary.

You collected 295 gold pieces.
You spent 250 gold pieces at shops.

Inventory:

Hand Weapons
 a - a +0 spear (weapon)
 s - a +1 vorpal scythe
Missiles
 d - 4 javelins
 i - 5 boomerangs
 v - 6 poisoned darts (quivered)
Armour
 e - a +0 helmet (worn)
 x - a +0 scale mail (worn)
Jewellery
 n - the amulet "Befriut" (around neck) {Faith Contam Dex+6}
   (You found it on level 3 of the Dungeon)

   [amulet of faith]

   It allows you to gain divine favour quickly.
   Dex:       It affects your dexterity (+6).
   Contam:    It causes magical contamination when unequipped.
 o - a ring of ice
Wands
 l - a wand of polymorph (10)
Scrolls
 b - 2 scrolls of fear {unknown}
 f - 2 scrolls of vulnerability {unknown}
 h - 2 scrolls of enchant armour {unknown}
 j - 2 scrolls of teleportation {unknown}
 k - a scroll of summoning {unknown}
 t - a scroll of blinking
 y - 2 scrolls of enchant weapon {unknown}
 z - a scroll of immolation
Potions
 c - 4 potions of attraction {unknown}
 g - a potion of curing
 m - 2 potions of heal wounds
 p - 2 potions of resistance
 q - a potion of mutation {!q}
 r - 6 potions of might {unknown}
 u - 2 potions of haste
 w - 2 potions of berserk rage {unknown}


   Skills:
 + Level 5.0 Fighting
 * Level 5.8 Polearms
 + Level 2.3 Throwing
 + Level 3.5 Armour
 + Level 3.7 Dodging
 + Level 2.9 Evocations


You had 7 spell levels left.
You didn't know any spells.
Your spell library was empty.

Dungeon Overview and Level Annotations

Branches:
Dungeon (5/15)            Ossuary (visited)
 Temple: D:4-7

Altars:
Cheibriados
The Shining One

Shops:
D:4 ?


Innate Abilities, Weirdness & Mutations

You are completely covered in rugged brown scales. (AC +3, +7% HP)
You have supernaturally acute eyesight. (SInv)
Armour fits poorly on your strangely shaped body.
You can roll at nearby foes to attack.
You have a long armoured tail.
You curl defensively after being hit. (AC +7*)


Message History

You are too injured to fight recklessly!
You are too injured to fight recklessly!
You are too injured to fight recklessly!
You are too injured to fight recklessly!
You are too injured to fight recklessly!
You are too injured to fight recklessly!
You are too injured to fight recklessly!
You are too injured to fight recklessly!
You are too injured to fight recklessly!
You are too injured to fight recklessly!
Unknown command.
A red film seems to cover your vision as you go berserk!
You feel yourself moving faster!
You feel mighty!
You feel very sick. The scorpion stings you.
The jelly hits you but does no damage.
You closely miss the scorpion.
The scorpion is severely wounded.
You feel sick. The scorpion stings you!
* * * LOW HITPOINT WARNING * * *
Unknown command.
You closely miss the scorpion.
The scorpion is severely wounded.
You feel sick.
The jelly jiggles.
The jelly hits you.
* * * LOW HITPOINT WARNING * * *
The acid corrodes you!
You are splashed with acid!
* * * LOW HITPOINT WARNING * * *
You completely miss the jelly.
You feel sick. The scorpion stings you.
* * * LOW HITPOINT WARNING * * *
You are lethally poisoned!
The scorpion poisons you! The jelly hits you but does no damage.
You hit the jelly but do no damage.
Your hands burn!
* * * LOW HITPOINT WARNING * * *
You tail-slap the jelly!
The jelly is severely wounded.
* * * LOW HITPOINT WARNING * * *
You feel very sick. The scorpion stings you.
You die...

.........# #. ########.# #.
.........# #. #######..#######
##........ #.####.## ##########
###### #.####.## ..........#
#..J.####.#.#....## ..........#
#.@s......#.#.##### ..........#
#.####....#.#.# # ..........#
#....######.#.# # ..........###
#.........#.#.# #
..........'.########....#...# #
..........#.....## ####.#########
........[.#####..## #...)†......
..........# ##..# #.##########
≈≈≈≈......#######'####.#.........


You could see a scorpion and a jelly.

Vanquished Creatures
  Sigmund (D:4)
  A steam dragon (D:4)
  An ice beast (D:5)
  A phantom (D:5)
  2 scorpions (D:4)
  4 water moccasin zombies (Ossuary)
  2 hounds
  A jelly (D:5)
  An orc priest (D:5)
  Jessica (D:2)
  Ijyb (D:3)
  7 iguanas
  An orc wizard (D:4)
  2 mummies (Ossuary)
  A gnoll (D:5)
  2 adders (D:4)
  A shadow imp (D:5)
  An ufetubus (D:5)
  5 adder zombies (Ossuary)
  2 worms
  10 orcs
  9 endoplasms
  5 giant cockroaches
  5 gnoll zombies (Ossuary)
  7 goblins
  7 hobgoblins
  3 quokkas
  7 ball pythons
  4 bats
  2 frilled lizards
  4 hobgoblin zombies (Ossuary)
  6 kobolds
  3 kobold zombies (Ossuary)
  9 orc zombies (Ossuary)
  5 rats
124 creatures vanquished.

Notes
Turn   | Place    | Note
-------+----------+-------------------------------------------
     0 | D:1      | mopl the Palentonga Berserker began the quest for the Orb.
     0 | D:1      | Reached XP level 1. HP: 19/19 MP: 1/1
   102 | D:1      | Reached XP level 2. HP: 21/25 MP: 2/2
   166 | D:1      | Reached skill level 3 in Polearms
   292 | D:1      | You fall into a shaft and drop 1 floor!
   611 | D:2      | Noticed Jessica
   618 | D:2      | Killed Jessica
   619 | D:2      | Reached skill level 2 in Armour
   619 | D:2      | Reached skill level 2 in Dodging
   619 | D:2      | Reached XP level 3. HP: 21/31 MP: 3/3
   764 | D:2      | Reached ** piety under Trog
   880 | D:2      | Reached XP level 4. HP: 37/37 MP: 4/4
  1202 | D:3      | Noticed Ijyb
  1211 | D:3      | Killed Ijyb
  1341 | D:3      | Identified the amulet "Befriut" {Faith Contam Dex+6}
  1689 | D:4      | Found Ycotua's Magic Scroll Shop.
  1692 | D:4      | Noticed Sigmund
  1708 | D:4      | Killed Sigmund
  1709 | D:4      | Reached skill level 4 in Polearms
  1709 | D:4      | Reached skill level 1 in Evocations
  1709 | D:4      | Reached XP level 5. HP: 44/44 MP: 5/5
  1709 | D:4      | Reached XP level 6. HP: 51/51 MP: 6/6
  1716 | D:4      | Bought a scroll of identify for 20 gold pieces
  1716 | D:4      | Bought a scroll of blinking for 75 gold pieces
  1716 | D:4      | Bought a scroll of magic mapping for 75 gold pieces
  1716 | D:4      | Bought a scroll of identify for 20 gold pieces
  1716 | D:4      | Bought a scroll of identify for 20 gold pieces
  1761 | D:4      | Reached skill level 1 in Throwing
  1895 | D:4      | Reached skill level 4 in Fighting
  1930 | D:4      | Noticed a steam dragon
  1952 | D:4      | Killed a steam dragon
  1968 | D:4      | Found a sand-covered staircase.
  1979 | Ossuary  | Entered an ossuary
  2096 | Ossuary  | Gained mutation: You curl defensively after being hit. (AC
                  | +7*) [Palentonga growth]
  2096 | Ossuary  | Reached XP level 7. HP: 57/57 MP: 7/7
  2149 | Ossuary  | Reached skill level 3 in Armour
  2149 | Ossuary  | Reached skill level 3 in Dodging
  2289 | Ossuary  | Reached *** piety under Trog
  2398 | Ossuary  | Reached skill level 2 in Evocations
  2410 | Ossuary  | Reached skill level 5 in Polearms
  2585 | D:4      | Identified the +2 robe "Ceazuf" {-Tele rElec rPois Will++}
  3124 | D:4      | Bought a scroll of immolation for 40 gold pieces
  3158 | D:5      | Entered Level 5 of the Dungeon
  3367 | D:5      | Reached skill level 2 in Throwing
  3367 | D:5      | Reached XP level 8. HP: 38/65 MP: 8/8
  3379 | D:5      | Reached **** piety under Trog
  3708 | D:5      | Found a snail-covered altar of Cheibriados.
  3735 | D:5      | Found a glowing golden altar of the Shining One.
  3808 | D:5      | Reached skill level 5 in Fighting
  3872 | D:5      | HP: 3/99 [poisoned by a scorpion]
  3872 | D:5      | Slain by a scorpion

Illustrated notes

Levels and vault maps discovered:
D:1:      zaba_arrival_water, layout_rooms
D:2:      layout_basic, uniq_jessica
D:3:      layout_basic, uniq_ijyb
D:4:      layout_loops_corners, nicolae_ossuary_entry_ruins, serial_shops,
          nicolae_shop_stone, uniq_sigmund
D:5:      minmay_angry_zag, layout_basic, overflow_temple_1_default,
          mainiacjoe_overflow_brackets, st_stairs_3, kennysheep_minor_cross,
          minmay_crystal_room

Skill      XL: |  1  2  3  4  5  6  7  8 |
---------------+-------------------------+-----
Polearms       | 3 4 5 |  5.8
Armour         | 2 3 |  3.5
Dodging        | 2 3 |  3.7
Evocations     | 1 2 |  2.9
Throwing       | 1 2 |  2.3
Fighting       | 4 5 |  5.0

Action                   |  1- 3 |  4- 6 |  7- 9 || total
-------------------------+-------+-------+-------++-------
Melee: Spear             |   106 |   114 |   251 ||   471
       Tailslap          |     7 |    17 |    50 ||    74
       Punch             |       |       |     3 ||     3
Invok: Berserk           |     1 |     4 |     4 ||     9
       Trog's Hand       |       |     1 |       ||     1
  Use: Scroll            |       |     5 |     2 ||     7
 Stab: Sleeping          |     4 |     2 |       ||     6
Armor: Animal skin       |    30 |    16 |    33 ||    79
       Scale mail        |       |       |    41 ||    41
Dodge: Dodged            |    32 |    36 |   109 ||   177
